 Dungeon Crawl Stone Soup version 0.28.0-53-g5a82cb258f (webtiles) character file.

Game seed: 14407034813297470277

408 avis the Caller (level 6, 0/26 HPs)
             Began as a Felid Summoner on Aug 8, 2022.
             Slain by a killer bee (9 damage)
             ... on level 4 of the Dungeon.
             The game lasted 00:42:50 (4515 turns).

avis the Caller (Felid Summoner)                    Turns: 4515, Time: 00:42:51

Health: 0/26       AC:  2    Str:  4    XL:     6   Next: 57%
Magic:  2/13       EV: 18    Int: 18    God:
Gold:   146        SH:  0    Dex: 17    Spells: 4/13 levels left
                                        Lives:  0   Deaths: 1

rFire   . . .      SeeInvis +   (weapon unavailable)
rCold   . . .      Faith    .   (shield unavailable)
rNeg    . . .      Spirit   .   (armour unavailable)
rPois   .          Reflect  .   (helmet unavailable)
rElec   .          Harm     .   (cloak unavailable)
rCorr   .          Rampage  .   (gloves unavailable)
Will    .....                   (boots unavailable)
Stlth   ++........              (no amulet)
HPRegen 0.08/turn               (no ring)
MPRegen 0.13/turn               (no ring)

@: quick
A: very small, claws 1, fangs 3, see invisible, speed 1, shaggy fur 2, stealthy
paws, no weapons or thrown items, no armour, multi-lived
a: no special abilities


You were on level 4 of the Dungeon.
You visited 1 branch of the dungeon, and saw 4 of its levels.

You collected 146 gold pieces.

Inventory:

Scrolls
 b - a scroll of silence {unknown}
 d - a scroll of identify {unknown}
 f - 2 scrolls of teleportation {unknown}
 h - a scroll of blinking {unknown}
 j - a scroll of summoning {unknown}
 l - a scroll of vulnerability {unknown}
 q - a scroll of enchant armour {unknown}
Potions
 a - 2 potions of flight {unknown}
 c - 2 potions of attraction {unknown}
 e - 2 potions of lignification {unknown}
 g - 2 potions of heal wounds {unknown}
 i - 2 potions of resistance {unknown}
 k - a potion of ambrosia {unknown}
 m - a potion of brilliance {unknown}
 n - a potion of mutation {unknown}
 o - a potion of degeneration {unknown}
 p - a potion of curing {unknown}


   Skills:
 + Level 1.8 Fighting
 + Level 4.0 Dodging
 - Level 2.6 Stealth
 * Level 4.0 Spellcasting
 + Level 3.9 Hexes
 + Level 5.8 Summonings


You had 4 spell levels left.
You knew the following spells:

 Your Spells              Type           Power      Damage    Failure   Level
a - Summon Small Mammal   Summ           96%        N/A       1%          1
b - Call Imp              Summ           24%        N/A       1%          2
c - Call Canine Familiar  Summ           24%        N/A       4%          3
d - Summon Guardian Gole  Hex/Summ       21%        N/A       6%          3

Your spell library contained the following spells:

 Spells                   Type           Power      Damage    Failure   Level
 Ensorcelled Hibernation  Hex/Ice        20%        N/A       10%         2
 Passwall                 Tmut/Erth      2%         N/A       22%         2
 Swiftness                Air            3%         N/A       41%         3
 Summon Lightning Spire   Summ/Air       14%        N/A       41%         4


Dungeon Overview and Level Annotations

Branches:
Dungeon (4/15)
 Temple: D:4-7

Altars:
Ashenzari
Vehumet
The Shining One

Shops:
D:1 [   D:4 =:

Annotations:
D:4 2 transporters, Tiocfaidh's ghost, amateur DjAM


Innate Abilities, Weirdness & Mutations

You have sharp claws.
You have razor-sharp teeth.
You have supernaturally acute eyesight. (SInv)
You cover ground quickly. (Speed+)
You are covered in thick fur. (AC +2)
Your paws help you pounce on unaware monsters.
You are incapable of wielding weapons or throwing items.
You cannot wear armour.
You gain extra lives every three experience levels.


Message History

The killer bee barely misses your hound.
The killer bee stings your hound!
Your hound dies!
Your hound's corpse disappears in a puff of smoke!
You swap places.
The killer bee closely misses your quokka.
Your quokka bites the killer bee but does no damage.
The killer bee closely misses your quokka.
The killer bee misses your quokka.
Found 10 gold pieces.
The killer bee misses your quokka.
The killer bee closely misses your quokka.
Your quokka misses the killer bee.
The killer bee barely misses your quokka.
Found a coppery potion.
The killer bee barely misses your quokka.
Your quokka barely misses the killer bee.
The killer bee stings your quokka!
Your quokka dies!
Your quokka's corpse disappears in a puff of smoke!
The killer bee closely misses you.
Your magical contamination has completely faded away.
The killer bee barely misses you.
Found 10 gold pieces.
The killer bee completely misses you.
Tiocfaidh's ghost turns its malevolent gaze towards you.
The killer bee stings you.
You are poisoned.
The killer bee poisons you! The killer bee misses you.
You feel sick. The killer bee closely misses you.
The killer bee barely misses you.
You feel sick. The killer bee misses you. x2
You feel sick. The killer bee misses you.
You feel sick.
You feel sick. The killer bee misses you.
You feel sick.
You are no longer poisoned.
The killer bee misses you.
There is a stone staircase leading up here.
The killer bee barely misses you. The killer bee stings you!
You die...

...........©.....#
.................#
#......#..#....#.#
#......#. #......#
#......##+#....###
...........#####
≈....(..>..#
.[.......yy+
≈.........@#
#####....###
#....# #....#
#....#######
##+#.......#
#.......#
+.......#
#.......#


You could see 2 killer bees.

Vanquished Creatures
  A bat (D:3)
  A giant cockroach (D:1)
  2 kobolds
  A frilled lizard (D:1)
5 creatures vanquished.

Vanquished Creatures (collateral kills)
  A hound (D:4)
  Ijyb (D:3)
  An orc wizard (D:3)
  A killer bee zombie (D:4)
  Robin (D:2)
  A howler monkey skeleton (D:4)
  5 adders (D:2)
  2 worms (D:3)
  2 dart slugs
  5 orcs
  3 endoplasms
  2 giant cockroaches (D:2)
  12 goblins
  6 hobgoblins
  8 jackals
  3 quokkas
  5 ball pythons
  3 bats
  A frilled lizard (D:1)
  6 kobolds
  6 rats
75 creatures vanquished.

Vanquished Creatures (others)
  A black bear (D:4)
  An ogre (D:3)
  A killer bee (D:4)
  A plant (D:1)
  5 toadstools (D:1)
9 creatures vanquished.

Grand Total: 89 creatures vanquished

Notes
Turn   | Place    | Note
-------+----------+-------------------------------------------
     0 | D:1      | avis the Felid Summoner began the quest for the Orb.
     0 | D:1      | Reached XP level 1. HP: 7/7 MP: 4/4
    62 | D:1      | Found Vaesaj Guhio's Antique Armour Shoppe.
   156 | D:1      | Reached XP level 2. HP: 11/11 MP: 1/6
   311 | D:1      | Learned a level 2 spell: Call Imp
   501 | D:1      | Found a faded altar of an unknown god.
  1183 | D:2      | Reached XP level 3. HP: 14/14 MP: 2/7
  1187 | D:2      | Learned a level 3 spell: Call Canine Familiar
  1733 | D:2      | Reached skill level 5 in Summonings
  2006 | D:2      | Found a broken altar of Ashenzari.
  2015 | D:2      | Reached XP level 4. HP: 18/18 MP: 4/9
  2163 | D:2      | Learned a level 3 spell: Summon Guardian Golem
  2279 | D:3      | Noticed Ijyb
  2297 | D:3      | Found a glowing golden altar of the Shining One.
  2470 | D:3      | Noticed Robin
  2584 | D:3      | Killed from afar by an orc wizard
  2585 | D:3      | Reached XP level 3. HP: 0/14 MP: 8/8
  2673 | D:3      | Noticed an ogre
  2684 | D:3      | Killed an ogre
  2685 | D:3      | Reached XP level 4. HP: 18/18 MP: 3/10
  2685 | D:3      | Reached XP level 5. HP: 21/21 MP: 3/11
  2987 | D:2      | Killed Robin
  2988 | D:2      | Reached skill level 1 in Fighting
  3286 | D:3      | Killed Ijyb
  3487 | D:4      | Found Jekach's Book Shoppe.
  3770 | D:4      | Found a radiant altar of Vehumet.
  3811 | D:4      | Found Luesteod's Jewellery Emporium.
  3970 | D:4      | Gained mutation: You are covered in thick fur. (AC +2)
                  | [Felid growth]
  3970 | D:4      | Reached XP level 6. HP: 23/25 MP: 3/12
  4447 | D:4      | Found a transporter.
  4447 | D:4      | Found a transporter.
  4449 | D:4      | Noticed Tiocfaidh's ghost (amateur DjAM)
  4515 | D:4      | Slain by a killer bee

Illustrated notes

Levels and vault maps discovered:
D:1:      ldierk_walled_garden, layout_rooms, chequers_ecumenical_altar_twisty,
          serial_shops, nicolae_shop_stone
D:2:      layout_basic, basic_altar, minmay_circle_x
D:3:      layout_rooms, nicolae_tso_swordbearing_angel, uniq_robin, uniq_ijyb
D:4:      layout_gridville, kennysheep_vampire_church, lemuel_round_altar,
          gammafunk_ghost_abyssal_escape, serial_shops, nicolae_stop_n_shop_2,
          nicolae_shop_waterfront, shop, minmay_bisected

Skill      XL: |  1  2  3  4  5  6 |
---------------+-------------------+-----
Summonings     | 5 |  5.8
Spellcasting   | 3 4 |  4.0
Dodging        | 3 4 |  4.0
Hexes          | 2 3 |  3.9
Fighting       | 1 |  1.8
Stealth        | |  2.6

Action                   |  1- 3 |  4- 6 || total
-------------------------+-------+-------++-------
Melee: Unarmed           |    19 |    10 ||    29
       Bite              |     2 |       ||     2
       Punch             |     1 |       ||     1
 Cast: Summon Small Mamm |    39 |     7 ||    46
       Call Imp          |    14 |     9 ||    23
       Call Canine Famil |     8 |    22 ||    30
       Summon Guardian G |     1 |     3 ||     4
 Stab: Sleeping          |     1 |       ||     1
Armor: Skin              |     2 |     1 ||     3
Dodge: Dodged            |    18 |    58 ||    76
